 Dungeon Crawl Stone Soup version 0.23.2-1-ga50397a (webtiles) character file.

Game seed: 8395451710589289238

1250 Telecat the Sneak (level 8, -3/40 HPs)
             Began as a Spriggan Venom Mage on May 27, 2019.
             Shot with a sling bullet by Joseph (9 damage)
             ... on level 7 of the Dungeon.
             The game lasted 00:25:42 (5743 turns).

Telecat the Sneak (Spriggan Venom Mage)             Turns: 5743, Time: 00:25:43

Health: -3/40      AC:  2    Str:  4    XL:     8   Next: 26%
Magic:  16/17      EV: 22    Int: 21    God:
Gold:   249        SH:  0    Dex: 17    Spells: 8/18 levels left

rFire    . . .     SeeInvis +   a - +4 dagger (venom)
rCold    . . .     Gourm    .   (shield restricted)
rNeg     . . .     Faith    .   d - +0 robe
rPois    +         Spirit   .   (helmet restricted)
rElec    .         Reflect  .   (no cloak)
rCorr    .         Harm     .   (gloves unavailable)
MR       +....                  (boots unavailable)
Stlth    ++++......             (no amulet)
HPRegen  0.13/turn              n - ring of poison resistance
MPRegen  0.15/turn              p - +3 ring of intelligence

@: very quick
A: very small, unfitting armour, see invisible, herbivore, speed 3, slow
metabolism 2
a: no special abilities


You were on level 7 of the Dungeon.
You were very hungry.

You visited 1 branch of the dungeon, and saw 7 of its levels.

You collected 249 gold pieces.

Inventory:

Hand Weapons
 a - a +4 dagger of venom (weapon)
 b - a +0 hunting sling
Missiles
 f - 197 stones (quivered)
Armour
 d - a +0 robe (worn)
 t - a +0 buckler
Jewellery
 i - an uncursed amulet of rage
 l - an uncursed ring of fire
 n - a ring of poison resistance (left hand)
 p - a +3 ring of intelligence (right hand)
 q - an uncursed ring of resist corrosion
 s - a +3 ring of dexterity
Wands
 m - a wand of enslavement (11)
Scrolls
 e - 3 scrolls of remove curse
 k - 2 scrolls of teleportation
 r - a scroll of identify
 u - a scroll of enchant armour {unknown}
 y - a scroll of enchant weapon
Potions
 g - a potion of lignification {unknown}
 h - a potion of curing {unknown}
 j - 2 potions of mutation
 o - 2 potions of agility
 w - a potion of haste {unknown}
 x - 2 potions of berserk rage
 z - 3 potions of heal wounds
Comestibles
 c - 9 rations


   Skills:
 + Level 3.0 Fighting
 + Level 6.5 Dodging
 + Level 6.8 Stealth
 + Level 5.5 Spellcasting
 + Level 3.0 Conjurations
 + Level 5.0 Poison Magic


You had 8 spell levels left.
You knew the following spells:

 Your Spells              Type           Power        Failure   Level  Hunger
a - Sting                 Conj/Pois      ###.         1%          1    None
b - Mephitic Cloud        Conj/Pois/Air  ###.....     10%         3    ##.....
c - Poisonous Vapours     Pois/Air       ###...       5%          2    None
d - Olgreb's Toxic Radia  Pois           ####....     13%         4    ####...

Your spell library contained the following spells:

 Spells                   Type           Power        Failure   Level  Hunger
 Shock                    Conj/Air       ##..         5%          1    None
 Summon Small Mammal      Summ           #...         11%         1    None
 Call Imp                 Summ           #.......     16%         2    None
 Swiftness                Chrm/Air       #.......     16%         2    None
 Static Discharge         Conj/Air       ##......     16%         3    ##.....
 Call Canine Familiar     Summ           #.......     30%         3    ##.....
 Summon Guardian Golem    Hex/Summ       #.......     30%         3    ##.....
 Venom Bolt               Conj/Pois      ###.......   47%         5    #####..
 Airstrike                Air            #.........   71%         4    ####...
 Summon Ice Beast         Ice/Summ       #.......     71%         4    ####...
 Summon Lightning Spire   Summ/Air       #.......     71%         4    ####...
 Lightning Bolt           Conj/Air       ##........   83%         5    #####..


Dungeon Overview and Level Annotations

Branches:
Dungeon (7/15)
 Temple: D:4-7

Altars:
Dithmenos
Elyvilon
Kikubaaqudgha
Makhleb
Nemelex Xobeh
Qazlal
Ru
Trog
Vehumet
Xom
Yredelemnul

Shops:
D:6 %

Annotations:
D:7 Joseph


Innate Abilities, Weirdness & Mutations

You are very small and have problems with some larger weapons.
You are too small for most types of armour.
You have supernaturally acute eyesight. (SInv)
You are a herbivore.
You cover ground extremely quickly.
You need to consume almost no food.


Message History

Joseph closely misses you.
You hit Joseph.
Joseph looks as sick as possible!
Joseph is moderately wounded.
Joseph hits you with a +0 quarterstaff!
You hit Joseph but do no damage.
Joseph looks as sick as possible!
Joseph is moderately wounded.
You closely miss Joseph.
Joseph is moderately wounded.
Joseph hits you with a +0 quarterstaff.
You hit Joseph.
Joseph looks as sick as possible!
Joseph is heavily wounded.
Joseph hits you with a +0 quarterstaff.
You closely miss Joseph.
Joseph is heavily wounded.
Joseph hits you with a +0 quarterstaff!
* * * LOW HITPOINT WARNING * * *
Joseph unwields a +0 quarterstaff.
Joseph wields a +4 hunting sling of velocity.
Joseph shoots a sling bullet.
The sling bullet hits you!
You die...

##########
##.....#...
##..........
#...........
#...@.......
#...........
#...@.......
#...........
#...........
##(.<^......
##...>.#...
#######.## #


You could see Joseph.

Vanquished Creatures
  Duvessa (D:6)
  A sky beast (D:5)
  2 ogres
  A centaur (D:5)
  Blork the orc (D:6)
  Dowan (D:6)
  2 scorpions
  5 crimson imps
  2 hounds (D:5)
  An orc priest (D:5)
  Terence (D:2)
  An iguana (D:6)
  An orc wizard (D:2)
  Jessica (D:2)
  Ijyb (D:2)
  A worker ant (D:4)
  A hound zombie (D:5)
  6 adders
  An ooze (D:3)
  An adder skeleton (D:5)
  2 worms (D:3)
  2 dart slugs (D:1)
  5 leopard geckos
  9 orcs
  10 bats
  2 giant cockroaches
  9 goblins
  4 hobgoblins
  14 jackals
  6 quokkas
  A ball python (D:4)
  3 frilled lizards
  4 kobolds
  3 rats (D:1)
106 creatures vanquished.

Notes
Turn   | Place    | Note
-------+----------+-------------------------------------------
     0 | D:1      | Telecat the Spriggan Venom Mage began the quest for the
                  | Orb.
     0 | D:1      | Reached XP level 1. HP: 9/9 MP: 5/5
   145 | D:1      | Reached XP level 2. HP: 13/13 MP: 2/6
   561 | D:1      | Reached skill level 1 in Conjurations
   597 | D:1      | Reached XP level 3. HP: 13/17 MP: 3/8
   674 | D:1      | Learned a level 3 spell: Mephitic Cloud
  1073 | D:2      | Reached skill level 1 in Fighting
  1073 | D:2      | Reached XP level 4. HP: 22/22 MP: 5/10
  1242 | D:2      | Found a sparkling altar of Nemelex Xobeh.
  1242 | D:2      | Noticed Terence
  1243 | D:2      | Found a burning altar of Makhleb.
  1243 | D:2      | Noticed Jessica
  1253 | D:2      | Killed Jessica
  1269 | D:2      | Killed Terence
  1505 | D:2      | Found a bloodstained altar of Trog.
  1598 | D:3      | Noticed Ijyb
  1666 | D:2      | Reached XP level 5. HP: 10/25 MP: 6/11
  1899 | D:2      | Killed Ijyb
  2100 | D:3      | Learned a level 2 spell: Poisonous Vapours
  2440 | D:4      | Found a stormy altar of Qazlal.
  2529 | D:4      | Reached XP level 6. HP: 27/30 MP: 13/13
  2612 | D:4      | Found a white marble altar of Elyvilon.
  2885 | D:4      | Found a basalt altar of Yredelemnul.
  2970 | D:4      | Found a shadowy altar of Dithmenos.
  2970 | D:4      | Found a sacrificial altar of Ru.
  2975 | D:4      | Found a faded altar of an unknown god.
  2978 | D:4      | Found a faded altar of an unknown god.
  2979 | D:4      | Found an ancient bone altar of Kikubaaqudgha.
  3018 | D:5      | Entered Level 5 of the Dungeon
  3085 | D:5      | Found a shimmering altar of Xom.
  3085 | D:5      | Found a shimmering altar of Xom.
  3086 | D:5      | Found a shimmering altar of Xom.
  3102 | D:5      | Found a shimmering altar of Xom.
  3104 | D:5      | Found a shimmering altar of Xom.
  3144 | D:5      | Reached skill level 5 in Stealth
  3253 | D:5      | Found a radiant altar of Vehumet.
  3264 | D:5      | Reached skill level 5 in Dodging
  3287 | D:6      | Noticed Blork the orc
  3866 | D:5      | Reached XP level 7. HP: 20/35 MP: 11/14
  4402 | D:6      | Reached skill level 5 in Spellcasting
  4410 | D:6      | Killed Blork the orc
  4413 | D:6      | HP: 1/35 [sky beast (6)]
  4734 | D:6      | Noticed Duvessa
  4735 | D:6      | Noticed Dowan
  4808 | D:6      | Killed Duvessa
  4808 | D:6      | Reached XP level 8. HP: 18/39 MP: 3/16
  5139 | D:6      | Killed Dowan
  5206 | D:6      | Reached skill level 5 in Poison Magic
  5332 | D:6      | Found Satos's Food Shop.
  5475 | D:7      | Learned a level 4 spell: Olgreb's Toxic Radiance
  5727 | D:7      | Noticed Joseph
  5743 | D:7      | Shot with a sling bullet by Joseph

Skill      XL: |  1  2  3  4  5  6  7  8 |
---------------+-------------------------+-----
Spellcasting   | 3 4 5 |  5.5
Conjurations   | 1 2 3 |  3.0
Fighting       | 1 2 3 |  3.0
Dodging        | 4 5 6 |  6.5
Stealth        | 4 5 6 |  6.8
Poison Magic   | 4 5 |  5.0

Action                   |  1- 3 |  4- 6 |  7- 9 || total
-------------------------+-------+-------+-------++-------
Melee: Dagger            |    68 |   140 |   102 ||   310
 Cast: Sting             |    32 |    35 |    23 ||    90
       Mephitic Cloud    |       |     5 |     2 ||     7
  Use: Scroll            |       |     8 |     6 ||    14
       Potion            |       |       |     2 ||     2
 Stab: Sleeping          |     5 |     4 |     2 ||    11
       Distracted        |       |     2 |     1 ||     3
       Confused          |       |     2 |       ||     2
  Eat: Ration            |       |       |     1 ||     1
Armor: Robe              |     4 |    16 |     2 ||    22
Dodge: Dodged            |    66 |   160 |    72 ||   298
